 Dungeon Crawl Stone Soup version 0.29.1-1-gd02db6906a (webtiles) character file.

Game seed: 1804908853782012855

144 Kaiern the Caller (level 5, 0/34 HPs)
             Began as an Octopode Summoner on Oct 18, 2022.
             Slain by a phantom (7 damage)
             ... on level 4 of the Dungeon.
             The game lasted 00:12:47 (2946 turns).

Kaiern the Caller (Octopode Summoner)               Turns: 2946, Time: 00:12:49

Health: 0/34       AC:  1    Str:  8    XL:     5   Next: 27%
Magic:  4/9        EV: 13    Int: 19    God:
Gold:   195        SH:  0    Dex: 12    Spells: 4/10 levels left

rFire   . . .      SeeInvis .   r - +0 trident (chaos)
rCold   . . .      Faith    .   (no shield)
rNeg    . . .      Spirit   .   (helmet restricted)
rPois   .          Reflect  .   h - amulet of the acrobat
rElec   .          Harm     .   (no ring)
rCorr   .          Rampage  .   (no ring)
Will    .....                   (no ring)
Stlth   +++.......              (no ring)
HPRegen 0.11/turn               (no ring)
MPRegen 0.11/turn               (no ring)
                                (no ring)
                                (no ring)

@: brilliant
A: almost no armour, amphibious, 8 rings, camouflage 1, gelatinous body 1,
(nimble swimmer 1), tentacles
a: no special abilities


You were on level 4 of the Dungeon.
You visited 1 branch of the dungeon, and saw 4 of its levels.

You collected 195 gold pieces.

Inventory:

Hand Weapons
 r - a +0 trident of chaos (weapon)
Missiles
 e - a throwing net
Jewellery
 h - an amulet of the acrobat (around mantle)
Scrolls
 c - a scroll of brand weapon
 f - 3 scrolls of identify
 m - a scroll of vulnerability
Potions
 a - 2 potions of magic
 b - a potion of might {unknown}
 d - a potion of degeneration {unknown}
 g - 2 potions of flight
 j - a potion of brilliance
 q - a potion of cancellation {unknown}
 s - a potion of curing {unknown}


   Skills:
 + Level 2.1 Fighting
 + Level 3.1 Dodging
 - Level 2.6 Stealth
 + Level 3.0 Spellcasting
 + Level 4.6 Summonings


You had 4 spell levels left.
You knew the following spells:

 Your Spells              Type           Power      Damage    Failure   Level
a - Summon Small Mammal   Summ           100%       N/A       2%          1
b - Call Imp              Summ           30%        N/A       3%          2
c - Call Canine Familiar  Summ           30%        N/A       7%          3

Your spell library contained the following spells:

 Spells                   Type           Power      Damage    Failure   Level
 Apportation              Tloc           8%         N/A       16%         1
 Summon Guardian Golem    Hex/Summ       17%        N/A       17%         3
 Summon Lightning Spire   Summ/Air       17%        N/A       50%         4
 Chain Lightning          Conj/Air       2%         3d2       100%        9
 Fire Storm               Conj/Fire      2%         8d1       100%        9
 Shatter                  Erth           2%         3d6*      100%        9


Dungeon Overview and Level Annotations

Branches:
Dungeon (4/15)
 Temple: D:4-7

Altars:
Cheibriados
Elyvilon
Fedhas
Makhleb
Qazlal
Ru

Shops:
D:3 ![=


Innate Abilities, Weirdness & Mutations

You cannot wear most types of armour.
You are amphibious.
You can wear up to eight rings at the same time.
Your skin changes colour to match your surroundings (Stealth+).
Your rubbery body absorbs attacks. (AC +1, EV +1)
((You are camouflaged when in or above water. (Stealth+)))
You have tentacles for arms and can constrict up to eight enemies at once.


Message History

Your rat misses the phantom. You hit the phantom.
Nothing appears to happen.
The phantom is heavily damaged.
The phantom hits you.
Your rat completely misses the phantom.
The phantom hits you but does no damage.
You miss the phantom.
The phantom is heavily damaged.
Your rat completely misses the phantom.
Your white imp hits the phantom.
Your white imp freezes the phantom.
The phantom resists.
The phantom hits you. The phantom attacks as you move away!
The phantom hits you.
Your white imp closely misses the phantom.
Your rat misses the phantom.
You are too injured to fight recklessly!
You barely miss the phantom. Your squeeze misses the phantom.
The phantom is heavily damaged.
The phantom barely misses you.
You miss the phantom. Your squeeze misses the phantom.
The phantom is heavily damaged.
Your rat misses the phantom. The phantom hits you.
* * * LOW HITPOINT WARNING * * *
Your rat misses the phantom.
Your white imp misses the phantom.
The phantom closely misses you.
It was a potion of brilliance.
You feel clever all of a sudden.
Your quokka misses the phantom.
Your rat bites the phantom.
Your white imp misses the phantom.
The phantom hits you.
* * * LOW HITPOINT WARNING * * *
You hit the phantom.
Nothing appears to happen.
The phantom is almost destroyed.
Your quokka bites the phantom.
Your rat bites the phantom but does no damage.
Your white imp barely misses the phantom.
Your quokka misses the phantom. The phantom closely misses your rat.
You barely miss the phantom.
The phantom is almost destroyed.
Your rat disappears in a puff of smoke!
Your hound closely misses the phantom.
Your quokka closely misses the phantom.
Your white imp closely misses the phantom.
The phantom hits you!
You die...

##.# #..# ### .....
#..##### ##.<
......#..#...## ##..[
......#.......### #....
.._......#......# ##..).
......#..##...######....)
..... #.†.....###........
.... #...h.####...#.....
##.####.@W§.†#...#.##....
.........5r....# #......
####...##.#.#..####......
#... ###.##.#.##......
#.....##.h#............
..........5......#....#.
#.........##.h..###...#.
#......... ##§.........#
####... #55#..####.##


You could see a phantom (agile, ally target), a friendly hound (summoned), a
friendly white imp (summoned) and a friendly quokka (summoned).

Vanquished Creatures
  2 adders (D:2)
  A worm (D:3)
  2 dart slugs (D:3)
  An orc (D:3)
  2 endoplasms
  3 giant cockroaches
  4 hobgoblins
  2 kobolds
  A quokka (D:2)
  A ball python (D:3)
  4 bats
  5 frilled lizards
  2 goblins (D:1)
  3 rats
33 creatures vanquished.

Vanquished Creatures (collateral kills)
  2 gnolls (D:4)
  3 adders
  A worm (D:2)
  2 dart slugs
  A ball python (D:2)
  5 endoplasms
  2 giant cockroaches (D:1)
  2 goblins
  3 hobgoblins
  2 kobolds
  2 quokkas
  2 bats (D:1)
  4 frilled lizards
  2 rats
33 creatures vanquished.

Vanquished Creatures (others)
  5 fungi (D:4)
  3 toadstools (D:4)
8 creatures vanquished.

Grand Total: 74 creatures vanquished

Notes
Turn   | Place    | Note
-------+----------+-------------------------------------------
     0 | D:1      | Kaiern the Octopode Summoner began the quest for the Orb.
     0 | D:1      | Reached XP level 1. HP: 11/11 MP: 3/3
   141 | D:1      | Reached XP level 2. HP: 18/18 MP: 5/5
   146 | D:1      | Learned a level 2 spell: Call Imp
   310 | D:1      | Reached skill level 1 in Fighting
   315 | D:1      | Reached XP level 3. HP: 23/23 MP: 2/6
   363 | D:1      | Found a faded altar of an unknown god.
   408 | D:1      | Got Plato's Commentary on Orientation
   819 | D:2      | Learned a level 3 spell: Call Canine Familiar
  1101 | D:2      | Found a blossoming altar of Fedhas.
  1184 | D:2      | Reached XP level 4. HP: 28/28 MP: 7/7
  1193 | D:2      | Identified the +1 robe "Oxkautan" {Int+3}
  1709 | D:3      | Found Petav's Distillery.
  1746 | D:3      | Found a burning altar of Makhleb.
  1790 | D:3      | Found Oridostri's Jewellery Shoppe.
  1946 | D:3      | Found a stormy altar of Qazlal.
  2005 | D:3      | Found Jeocw's Armour Shop.
  2083 | D:3      | Found a white marble altar of Elyvilon.
  2196 | D:3      | Found a sacrificial altar of Ru.
  2212 | D:3      | Reached XP level 5. HP: 33/34 MP: 4/9
  2911 | D:4      | Found a snail-covered altar of Cheibriados.
  2926 | D:4      | Noticed a phantom
  2946 | D:4      | Slain by a phantom

Illustrated notes

Levels and vault maps discovered:
D:1:      minmay_arrival_cross, layout_basic,
          shapermc_ecumenical_altar_rom_forum
D:2:      minmay_diamond_boxcup, layout_basic, basic_altar, serial_corexii_hall,
          chequers_hall_statues_y, chequers_hall_statues_corner_a,
          reono_crystal_passage
D:3:      layout_loops_cross, nicolae_qazlal_scattered_showers,
          lemuel_coloured_pillars_altar, elyvilon_altar_1,
          nicolae_ru_great_annihilating_truth, serial_shops, nicolae_shop_trees,
          shop_statue, nicolae_shop_waterfront, roderic_roman_lattice
D:4:      layout_cave_pools, mainiacjoe_overflow_24_doors,
          nicolae_vehumet_altar_sigil, old_standard_altar,
          minmay_temple_entry_ruins, st_stairs_3, minmay_gold_behind_fungi,
          uniq_eustachio, uniq_duvessa

Skill      XL: |  1  2  3  4  5 |
---------------+----------------+-----
Fighting       | 1 2 |  2.1
Dodging        | 3 |  3.1
Spellcasting   | 3 |  3.0
Stealth        | |  2.6
Summonings     | |  4.6

Action                   |  1- 3 |  4- 6 || total
-------------------------+-------+-------++-------
Melee: Trident           |    29 |    54 ||    83
       Constrict         |     4 |    12 ||    16
       Tentacles         |     3 |     6 ||     9
 Cast: Summon Small Mamm |    16 |    15 ||    31
       Call Imp          |     9 |    13 ||    22
       Call Canine Famil |       |     2 ||     2
  Use: Scroll            |       |    10 ||    10
       Potion            |       |     1 ||     1
 Stab: Sleeping          |     3 |     5 ||     8
Armor: Skin              |     2 |     1 ||     3
Dodge: Dodged            |    11 |    32 ||    43
